 Dungeon Crawl Stone Soup version 0.20.0-10-g0535bb4 (webtiles) character file.

211214 Jmtistic the Phalangite (level 18, -1/172 HPs)
             Began as a Minotaur Berserker on June 6, 2017.
             Was the Champion of Trog.
             Succumbed to a nagaraja's poison arrow
             ... on level 3 of the Snake Pit on June 7, 2017.
             The game lasted 06:20:13 (38183 turns).

Jmtistic the Phalangite (Minotaur Berserker)       Turns: 38183, Time: 06:20:14

Health: -1/172     AC: 31    Str: 32    XL:     18   Next: 20%
Magic:  22/22      EV: 10    Int:  4    God:    Trog [******]
Gold:   1655       SH:  0    Dex: 11    Spells: 17/17 levels left

rFire    + + +     SeeInvis .   a - +9 glaive (protect)
rCold    + . .     Gourm    .   (shield currently unavailable)
rNeg     . . .     Faith    +   d - +2 gold dragon scales
rPois    +         Spirit   .   (helmet restricted)
rElec    .         Reflect  .   r - +2 cloak
rCorr    +         Harm     .   E - +0 pair of gloves {Str+3}
MR       ++...                  J - +1 pair of boots
Stlth    ..........             n - amulet of faith
Regen    0.4/turn               k - ring of Yredelemnul's Wrath {rCorr rF++ Stlth+}
MPRegen  0.2/turn               W - ring of protection from magic

@: lethally poisoned (-1 -> -18), berserk cooldown
A: retaliatory headbutt, horns 2
}: 1/15 runes: decaying
a: Berserk, Trog's Hand, Brothers in Arms, Burn Spellbooks, Renounce Religion


You were on level 3 of the Snake Pit.
You worshipped Trog.
Trog was exalted by your worship.
You were not hungry.

You visited 7 branches of the dungeon, and saw 33 of its levels.
You also visited: Labyrinth.

You collected 3320 gold pieces.
You spent 1665 gold pieces at shops.

Inventory:

Hand Weapons
 a - a +9 glaive of protection (weapon)
 b - a +3 halberd of flaming
 t - a +5 antimagic halberd
 y - the +2 lajatang of Imbalance {slice, rN+ Str+3 Stlth+}
   (Trog gifted it to you on level 4 of the Snake Pit)

   It inflicts extra damage upon your enemies.
   It affects your strength (+3).
   It protects you from negative energy.
   It makes you more stealthy.
Armour
 d - +2 gold dragon scales (worn)
 r - a +2 cloak (worn)
 D - a +2 pair of gloves
 E - a +0 pair of gloves of strength (worn)
 G - a +1 buckler of protection
 J - a +1 pair of boots (worn)
Jewellery
 k - the ring of Yredelemnul's Wrath (left hand) {rCorr rF++ Stlth+}
   (You found it on level 4 of the Swamp)

   [ring of resist corrosion]

   It greatly protects you from fire.
   It makes you more stealthy.
 n - an amulet of faith (around neck)
 H - an uncursed ring of see invisible
 L - an uncursed ring of ice
 W - a ring of protection from magic (right hand)
Wands
 g - a wand of digging (11/24)
 o - a wand of acid (7/15)
 s - a wand of paralysis (4/24)
 A - a wand of digging (22/24)
 M - a wand of iceblast (8/15)
Scrolls
 f - 7 scrolls of identify
 h - a scroll of summoning {unknown}
 j - 9 scrolls of teleportation
 l - 10 scrolls of remove curse
 u - 2 scrolls of blinking {unknown}
 x - 6 scrolls of fear
 z - 4 scrolls of vulnerability
 P - 2 scrolls of recharging
 S - 4 scrolls of immolation
 V - a scroll of fog
 X - 3 scrolls of magic mapping
Potions
 e - 7 potions of haste
 m - a potion of heal wounds
 p - 2 potions of mutation {unknown}
 q - 8 potions of agility
 v - 6 potions of curing
 w - 4 potions of magic
 B - 7 potions of brilliance
 C - 3 potions of lignification
 R - 2 potions of cancellation
 Y - a potion of resistance
Miscellaneous
 T - a phantom mirror
 Z - a box of beasts
Comestibles
 c - 7 bread rations
 i - 12 meat rations
 I - a fruit
 K - 23 royal jellies


   Skills:
 + Level 18.3 Fighting
   Level 7.0 Long Blades
   Level 6.4(17.1) Axes
 + Level 23.5(23.7) Polearms
 + Level 17.5 Armour
 * Level 7.8 Dodging
 + Level 2.6 Shields
 - Level 7.3 Evocations


You had 17 spell levels left.
You didn't know any spells.

Dungeon Overview and Level Annotations

Branches:
Dungeon (15/15)            Temple (1/1) D:6            Lair (6/6) D:8
  Swamp (4/4) Lair:4        Snake (4/4) Lair:4        Slime (1/5) Lair:5
    Orc (2/2) D:10            Elf (0/3) Orc:2        Vaults (0/5) D:13
 Depths (0/5) D:15

Altars:
Cheibriados
Fedhas
Gozag
Kikubaaqudgha
Nemelex Xobeh
Qazlal
Sif Muna
Uskayaw
Xom
Zin
The Shining One
Beogh
Jiyva
Lugonu

Shops:
D:5 :   D:6 *   D:8 [   D:14 (   D:15 ?   Orc:1 *   Orc:2 [*![(   Snake:1 *

Annotations:
D:9 Gastronok


Innate Abilities, Weirdness & Mutations

You reflexively headbutt those who attack you in melee.
You have a pair of horns on your head.


Message History

* * * LOW HITPOINT WARNING * * *
The naga sharpshooter mumbles some strange words.
The naga sharpshooter magically shoots a bolt.
The bolt hits you!
* * * LOW HITPOINT WARNING * * *
Items here: ( )) [ รท 2 bolts; a dire flail; a robe; a short sword; a naga skeleton You feel sick.
The nagaraja casts a spell at you. The poison arrow hits you!
You are lethally poisoned!
You partially resist.
* * * LOW HITPOINT WARNING * * *
The naga sharpshooter shoots a bolt.
The bolt completely misses you.
There is a stone staircase leading up here.
You see here 17 bolts.
* * * LOW HITPOINT WARNING * * *
You feel very sick.
You climb upwards.
You die...

#....................###
##
#.................##.# #
##................####
#....................#
##.................###
#...................#
#................#.##
#.##.......(......##
#.##......@[.......##
#.........[.........#
#.##..........#.##### #
#.............#
#..#.(.........#
#.#.###..##...### ###
#########


There were no monsters in sight!

Vanquished Creatures
  Saint Roka (Orc:2)
  Frances (Swamp:2)
  Kirke (D:12)
  2 thorn hunters (Swamp:3)
  The ghost of marsu the Bludgeoner, a journeyman OgBe of Trog (Snake:2)
  3 nagarajas
  An orc warlord (Orc:2)
  Nessos (Lair:5)
  An ettin (Orc:2)
  3 fire dragons (Swamp:4)
  Josephine (Snake:1)
  A minotaur (Lab)
  23 hydras
  2 ice dragons (D:15)
  3 catoblepae (Lair:6)
  4 centaur warriors
  9 anacondas
  17 naga warriors
  7 two-headed ogres
  8 alligators
  2 orc high priests
  A tengu warrior (D:15)
  Urug (D:10)
  7 shock serpents
  5 death yaks (Lair:6)
  19 naga sharpshooters
  3 salamander mystics
  A spriggan druid (Swamp:4)
  A fire crab (Swamp:4)
  3 swamp dragons
  A deep troll (D:12)
  2 shambling mangroves
  A lindwurm (Swamp:4)
  10 naga ritualists
  A necromancer (Lair:6)
  6 orc knights
  An orc sorcerer (Orc:2)
  2 cyclopes
  18 mana vipers
  2 ugly things
  5 manticores
  A centaur zombie (D:15)
  15 elephants
  43 black mambas
  23 naga magi
  3 guardian serpents
  12 salamanders
  7 centaur skeletons
  13 spiny frogs
  3 rime drakes
  An efreet (D:15)
  9 komodo dragons
  3 yaktaurs (D:15)
  13 trolls
  A queen bee (Lair:1)
  9 hornets
  6 tyrant leeches
  9 bog bodies
  10 slime creatures
  13 hippogriffs
  7 blink frogs
  2 shadows
  7 spriggans
  A vampire (D:11)
  50 yaks
  6 wraiths
  15 humans
  3 basilisks
  A hog (D:12)
  4 wyverns
  7 hungry ghosts
  A fire elemental (Swamp:4)
  16 vampire mosquitoes
  17 swamp worms
  6 wargs
  10 insubstantial wisps
  10 water moccasins
  Menkaure (D:7)
  41 nagas
  3 soldier ants
  13 swamp drakes
  2 hornet zombies
  6 porcupines
  3 black bears
  50 orc warriors
  5 ice beasts
  3 eyes of draining
  A necrophage (D:11)
  3 phantoms
  3 sky beasts
  12 ogres
  3 wolves (Lair:3)
  13 centaurs
  21 crocodiles
  4 big kobolds
  16 bullfrogs
  A wyvern zombie (D:13)
  7 scorpions
  2 wyvern skeletons (D:13)
  A water moccasin skeleton (D:10)
  41 killer bees
  3 wights (D:15)
  8 howler monkeys
  3 electric eels
  3 crimson imps
  4 bullfrog zombies
  19 orc priests
  9 hounds
  5 jellies
  38 orc wizards
  4 bullfrog skeletons
  3 gnoll shamans (D:8)
  9 iguanas
  3 polar bear simulacra (Lair:6)
  11 worker ants
  3 yak simulacra (Lair:6)
  2 wolf simulacra (Lair:6)
  A hound skeleton (D:9)
  2 howler monkey zombies
  2 worker ant zombies
  14 gnolls
  16 adders
  3 shadow imps
  2 oozes
  An adder zombie (D:8)
  5 worms
  A dart slug (D:3)
  15 leopard geckos
  145 orcs
  A ball python (D:4)
  7 bats
  7 giant cockroaches
  6 goblins
  2 hobgoblins
  18 jackals
  6 quokkas
  4 frilled lizards
  7 kobolds
  A quokka zombie (D:6)
  9 rats
  3 river rat simulacra (Lair:6)
1199 creatures vanquished.

Vanquished Creatures (collateral kills)
  Rupert (D:15)
  A hydra (Swamp:4)
  A swamp dragon (Swamp:4)
  A tyrant leech (Swamp:4)
  An orc (Orc:2)
5 creatures vanquished.

Vanquished Creatures (others)
  A hydra (Swamp:4)
  2 swamp dragons (Swamp:4)
  A naga ritualist (Snake:4)
  A manticore (D:13)
  A hornet (Swamp:4)
  4 steam dragons (Swamp:4)
  3 humans (D:12)
  5 swamp drakes (Swamp:4)
  An orc wizard (D:12)
  2 briar patches (Swamp:3)
  5 fungi
  A plant (Lair:1)
  10 toadstools (Swamp:3)
37 creatures vanquished.

Grand Total: 1241 creatures vanquished

Notes
Turn   | Place    | Note
-------+----------+-------------------------------------------
     0 | D:1      | Jmtistic the Minotaur Berserker began the quest for the Orb.
     0 | D:1      | Reached XP level 1. HP: 19/19 MP: 0/0
   113 | D:1      | Reached XP level 2. HP: 27/27 MP: 1/1
   734 | D:2      | Reached XP level 3. HP: 33/33 MP: 2/2
   852 | D:2      | Found a glowing silver altar of Zin.
  1166 | D:2      | Reached ** piety under Trog
  1350 | D:3      | Reached skill level 5 in Axes
  1495 | D:3      | Reached XP level 4. HP: 38/40 MP: 3/3
  1587 | D:3      | Found a blossoming altar of Fedhas.
  1601 | D:3      | Noticed an ice beast
  1609 | D:3      | Killed an ice beast
  1609 | D:3      | Reached skill level 1 in Polearms
  1609 | D:3      | Reached XP level 5. HP: 46/46 MP: 4/4
  1972 | D:3      | Found a snail-covered altar of Cheibriados.
  2077 | D:3      | Found a deep blue altar of Sif Muna.
  2242 | D:3      | Found a snail-covered altar of Cheibriados.
  2558 | D:4      | Reached skill level 2 in Polearms
  2558 | D:4      | Reached XP level 6. HP: 37/53 MP: 5/5
  2570 | D:4      | Reached *** piety under Trog
  3202 | D:4      | Reached skill level 3 in Polearms
  3378 | D:5      | Entered Level 5 of the Dungeon
  3407 | D:5      | Found Elleidieggi's Book Boutique.
  3475 | D:5      | Reached skill level 4 in Polearms
  3489 | D:5      | Reached XP level 7. HP: 60/60 MP: 6/6
  4034 | D:5      | Found an ancient bone altar of Kikubaaqudgha.
  4043 | D:5      | Reached skill level 5 in Polearms
  4128 | D:5      | Reached skill level 5 in Armour
  4354 | D:6      | Found a hide-covered altar of Uskayaw.
  4370 | D:6      | Reached skill level 6 in Polearms
  4476 | D:6      | Found a staircase to the Ecumenical Temple.
  4546 | D:6      | Reached skill level 5 in Fighting
  4611 | Temple   | Entered the Ecumenical Temple
  4745 | D:6      | Found a hide-covered altar of Uskayaw.
  4767 | D:6      | Reached skill level 7 in Polearms
  4767 | D:6      | Reached XP level 8. HP: 64/68 MP: 7/7
  4798 | D:6      | Reached **** piety under Trog
  5133 | D:6      | Found Danadiah's Desiderata Depot.
  5605 | D:7      | Reached skill level 8 in Polearms
  5748 | D:7      | Found a sparkling altar of Nemelex Xobeh.
  5971 | D:7      | Found a glowing golden altar of the Shining One.
  5977 | D:7      | Reached skill level 9 in Polearms
  5977 | D:7      | Reached skill level 1 in Shields
  6057 | D:7      | Noticed Menkaure
  6068 | D:7      | Killed Menkaure
  6344 | D:8      | Reached XP level 9. HP: 75/75 MP: 8/8
  6387 | D:8      | Reached skill level 10 in Polearms
  6539 | D:8      | Reached skill level 11 in Polearms
  6569 | D:8      | Found Juigho's Antique Armour Shop.
  6807 | D:8      | Found a staircase to the Lair.
  6808 | D:8      | Identified a scroll of acquirement
  6829 | D:8      | Noticed a two-headed ogre
  6845 | D:8      | Killed a two-headed ogre
  6845 | D:8      | Reached skill level 12 in Polearms
  6845 | D:8      | Reached XP level 10. HP: 42/84 MP: 9/9
  7353 | D:8      | Found a shimmering altar of Xom.
  7411 | D:8      | Reached ***** piety under Trog
  7459 | D:8      | Received a gift from Trog
  7621 | D:8      | Received a gift from Trog
  7889 | D:9      | Reached skill level 13 in Polearms
  7964 | D:9      | Reached skill level 1 in Evocations
  8255 | D:9      | Reached skill level 14 in Polearms
  8594 | D:9      | Noticed Gastronok
  8666 | D:9      | Reached XP level 11. HP: 86/94 MP: 3/11
  8685 | D:9      | Received a gift from Trog
  8772 | D:10     | Entered Level 10 of the Dungeon
  8868 | D:10     | Noticed Urug
  8896 | D:10     | Killed Urug
  9160 | D:10     | Reached skill level 15 in Polearms
  9477 | D:10     | Received a gift from Trog
  9478 | D:10     | Got a smoking battleaxe {god gift}
  9802 | D:10     | Found a staircase to the Orcish Mines.
 10025 | D:11     | Found a labyrinth entrance.
 10030 | Lab      | Entered a labyrinth
 10372 | Lab      | Noticed a minotaur
 10378 | Lab      | Killed a minotaur
 10769 | D:11     | Reached skill level 16 in Polearms
 11204 | D:12     | Noticed a two-headed ogre
 11204 | D:12     | Noticed a two-headed ogre
 11252 | D:12     | Reached skill level 10 in Armour
 11257 | D:12     | Noticed a two-headed ogre
 11258 | D:12     | Received a gift from Trog
 11266 | D:12     | Killed a two-headed ogre
 11272 | D:12     | Reached XP level 12. HP: 104/104 MP: 4/13
 11276 | D:12     | Noticed an eight-headed hydra
 11360 | Lair:1   | Entered Level 1 of the Lair of Beasts
 11593 | Lair:1   | Reached skill level 17 in Polearms
 11831 | Lair:1   | Noticed a six-headed hydra
 11850 | Lair:1   | Killed a nine-headed hydra
 13521 | Lair:3   | Reached skill level 10 in Fighting
 13550 | Lair:3   | Noticed a five-headed hydra
 13558 | Lair:3   | Killed a two-headed hydra
 13558 | Lair:3   | Reached skill level 18 in Polearms
 13594 | Lair:3   | Noticed a six-headed hydra
 13602 | Lair:3   | Killed a four-headed hydra
 13745 | Lair:3   | You fall through a shaft for 2 floors!
 13745 | Lair:5   | Noticed an eight-headed hydra
 13756 | Lair:5   | Killed a five-headed hydra
 13756 | Lair:5   | Reached skill level 5 in Evocations
 13903 | Lair:5   | Found a staircase to the Slime Pits.
 13903 | Lair:5   | Found a viscous altar of Jiyva.
 13908 | Lair:5   | Reached XP level 13. HP: 114/114 MP: 5/15
 14081 | Lair:5   | Noticed Nessos
 14088 | Lair:5   | Killed Nessos
 14578 | Slime:1  | Entered Level 1 of the Pits of Slime
 14599 | Slime:1  | Noticed an acid blob
 14850 | Lair:4   | Found a staircase to the Swamp.
 15108 | Lair:4   | Found a staircase to the Snake Pit.
 15187 | Lair:4   | Found a glowing golden altar of the Shining One.
 15434 | Lair:4   | Reached skill level 19 in Polearms
 15448 | Lair:4   | Received a gift from Trog
 15672 | Lair:6   | Entered Level 6 of the Lair of Beasts
 16288 | Lair:6   | Reached skill level 20 in Polearms
 16616 | Lair:6   | Reached XP level 14. HP: 93/124 MP: 5/17
 16719 | Lair:6   | Received a gift from Trog
 17753 | Orc:1    | Entered Level 1 of the Orcish Mines
 17846 | Orc:1    | Found a roughly hewn altar of Beogh.
 17974 | Orc:2    | Entered Level 2 of the Orcish Mines
 17977 | Orc:2    | Noticed Saint Roka
 17999 | Orc:2    | Received a gift from Trog
 18399 | Orc:2    | Killed Saint Roka
 18423 | Orc:2    | Found a staircase to the Elven Halls.
 18424 | Orc:2    | Found Vyrchiuj's Armour Shoppe.
 18454 | Orc:2    | HP: 2/126 [orc priest/divine providence (15)]
 19256 | Orc:2    | Found a roughly hewn altar of Beogh.
 19277 | Orc:2    | Found Etag's Assorted Antiques.
 19351 | Orc:2    | Found a roughly hewn altar of Beogh.
 19430 | Orc:2    | Found a roughly hewn altar of Beogh.
 19622 | Orc:2    | Bought +1 gold dragon scales for 1392 gold pieces
 19736 | Orc:2    | Found a roughly hewn altar of Beogh.
 19754 | Orc:2    | Found Jiudol's Distillery.
 19847 | Orc:2    | Noticed an orc warlord
 20301 | Orc:2    | Killed an orc warlord
 20361 | Orc:2    | Received a gift from Trog
 20362 | Orc:2    | Got a scorched war axe {god gift}
 20376 | Orc:2    | Reached skill level 21 in Polearms
 20436 | Orc:2    | Found Xarphaho's Antique Armour Boutique.
 20437 | Orc:2    | Found a roughly hewn altar of Beogh.
 20441 | Orc:2    | Found Sazuaprif's Antique Weapon Shop.
 21018 | Orc:1    | Found Kaduuguf's General Store.
 21026 | Orc:1    | Bought a +0 pair of gloves of strength for 161 gold pieces
 21877 | D:12     | Noticed Kirke
 21908 | D:12     | Killed Kirke
 22631 | D:13     | Found a gate to the Vaults.
 22699 | D:13     | Received a gift from Trog
 23114 | D:12     | Reached XP level 15. HP: 128/136 MP: 6/19
 24093 | D:13     | Found a corrupted altar of Lugonu.
 24578 | D:14     | Received a gift from Trog
 24591 | D:14     | Found an ancient bone altar of Kikubaaqudgha.
 24666 | D:14     | Reached skill level 1 in Long Blades
 24999 | D:14     | Found Riororph's Antique Weapon Shoppe.
 25351 | D:15     | Entered Level 15 of the Dungeon
 26195 | D:15     | Found a staircase to the Depths.
 26326 | D:15     | Noticed Rupert
 26343 | D:15     | Killed Rupert
 26533 | D:15     | Found Kumyqer's Magic Scroll Boutique.
 26933 | Swamp:1  | Entered Level 1 of the Swamp
 26949 | Swamp:1  | Reached skill level 5 in Long Blades
 27932 | Swamp:2  | Found an ancient bone altar of Kikubaaqudgha.
 28150 | Swamp:2  | Noticed Frances
 28163 | Swamp:2  | Killed Frances
 28593 | Swamp:2  | Received a gift from Trog
 28594 | Swamp:2  | Got a faintly glowing halberd {god gift}
 28960 | Swamp:3  | Reached skill level 15 in Fighting
 29026 | Swamp:3  | Noticed a thorn hunter
 29039 | Swamp:3  | Killed a thorn hunter
 29039 | Swamp:3  | Reached XP level 16. HP: 119/149 MP: 20/20
 29139 | Swamp:3  | Reached skill level 22 in Polearms
 29185 | Swamp:3  | Noticed a thorn hunter
 29215 | Swamp:3  | Killed a thorn hunter
 29783 | Swamp:4  | Entered Level 4 of the Swamp
 29982 | Swamp:4  | Reached skill level 15 in Armour
 29985 | Swamp:4  | Got a flickering marble ring
 30000 | Swamp:4  | Reached ****** piety under Trog
 30006 | Swamp:4  | Identified the ring of Yredelemnul's Wrath {rCorr rF++ Stlth+} (You found it on level 4 of the Swamp)
 30226 | Swamp:4  | Received a gift from Trog
 30462 | Swamp:4  | Got a decaying rune of Zot
 31083 | Snake:1  | Entered Level 1 of the Snake Pit
 31251 | Snake:1  | Noticed Josephine
 31257 | Snake:1  | Killed Josephine
 31567 | Snake:1  | Found Fimuc's General Store.
 31574 | Snake:1  | Bought a scroll of enchant weapon for 112 gold pieces
 32274 | Snake:2  | Noticed marsu's ghost (journeyman OgBe)
 32289 | Snake:2  | Killed marsu's ghost
 32511 | Snake:2  | Received a gift from Trog
 32518 | Snake:2  | Reached XP level 17. HP: 153/160 MP: 21/21
 33525 | Snake:3  | Reached skill level 5 in Dodging
 33942 | Snake:3  | Received a gift from Trog
 33945 | Snake:3  | Got a brightly glowing long sword {god gift}
 33996 | Snake:3  | Identified the +1 long sword of Nocakk {speed, Fragile MR++ Dex+4} (Trog gifted it to you on level 3 of the Snake Pit)
 34420 | Snake:3  | Reached skill level 23 in Polearms
 35844 | Snake:3  | Received a gift from Trog
 36042 | Snake:4  | Entered Level 4 of the Snake Pit
 36770 | Snake:4  | Received a gift from Trog
 37039 | Snake:4  | HP: 6/163 [nagaraja (9)]
 37559 | Snake:4  | Reached XP level 18. HP: 121/172 MP: 7/22
 37896 | Snake:4  | Received a gift from Trog
 37910 | Snake:4  | Got a pitted lajatang {god gift}
 37911 | Snake:4  | Identified the +2 lajatang of Imbalance {slice, rN+ Str+3 Stlth+} (Trog gifted it to you on level 4 of the Snake Pit)
 38181 | Snake:4  | HP: 4/172 [nagaraja/poison arrow (14)]
 38182 | Snake:4  | HP: 1/172 [poisoned by a nagaraja (poison arrow)]
 38183 | Snake:3  | Succumbed to a nagaraja's poison arrow

Skill      XL: |  1  2  3  4  5  6  7  8  9 10 11 12 13 14 15 16 17 |
---------------+----------------------------------------------------+-----
Axes           | 4 5 6 |  6.4
Fighting       | 4 5 6 8 9 10 11 13 15 16 18 | 18.3
Polearms       | 1 2 4 7 9 12 14 16 18 20 21 22 23 | 23.5
Armour         | 3 4 5 6 8 9 10 11 13 14 16 17 | 17.5
Dodging        | 3 7 |  7.8
Shields        | 1 2 |  2.6
Evocations     | 2 3 5 6 7 |  7.3
Long Blades    | 5 7 |  7.0

Action                   |  1- 3 |  4- 6 |  7- 9 | 10-12 | 13-15 | 16-18 || total
-------------------------+-------+-------+-------+-------+-------+-------++-------
Melee: Hand axe          |    94 |       |       |       |       |       ||    94
       Headbutt          |    12 |    22 |    64 |   134 |   306 |   210 ||   748
       Spear             |     3 |   127 |   342 |   118 |       |       ||   590
       Glaive            |       |       |       |   591 |  1334 |   965 ||  2890
       Halberd           |       |       |       |    46 |   111 |   128 ||   285
       Great sword       |       |       |       |       |    14 |       ||    14
Invok: Trog's Hand       |       |     3 |     3 |     4 |    16 |     4 ||    30
       Berserk           |       |     2 |     3 |    14 |    17 |    13 ||    49
       Burn Spellbooks   |       |       |     1 |     1 |     3 |       ||     5
       Brothers in Arms  |       |       |       |       |     3 |     2 ||     5
Evoke: Wand              |       |       |       |     6 |     1 |     1 ||     8
  Use: Scroll            |     2 |     9 |     9 |     9 |    15 |     5 ||    49
       Potion            |       |       |       |     1 |    10 |     6 ||    17
 Stab: Petrified         |       |       |       |       |     1 |       ||     1
       Distracted        |       |       |       |       |     2 |       ||     2
       Confused          |       |       |       |       |     1 |     1 ||     2
  Eat: Chunk             |     2 |     8 |    10 |    33 |    31 |     8 ||    92
       Bread ration      |       |       |     2 |       |     4 |     5 ||    11
       Fruit             |       |       |       |     3 |     1 |     4 ||     8
       Royal jelly       |       |       |       |     5 |     6 |     2 ||    13
       Meat ration       |       |       |       |       |     2 |     2 ||     4
Armor: Chain mail        |    45 |    35 |    18 |       |       |       ||    98
       Animal skin       |     2 |       |       |       |       |       ||     2
       Plate armour      |       |       |    93 |   344 |   382 |       ||   819
       Skin              |       |       |       |     1 |       |       ||     1
       Gold dragon scale |       |       |       |       |   574 |   823 ||  1397
Dodge: Dodged            |    37 |    37 |    56 |   253 |   479 |   333 ||  1195
       Deflected         |       |       |       |     8 |     7 |       ||    15
Block: Buckler           |       |     1 |    19 |     7 |       |       ||    27
       Rpst.: Great sword |       |       |       |       |     2 |       ||     2
